 Dungeon Crawl Stone Soup version 0.22.1-2-g9c5b331383 (webtiles) character file.

585 Ihlosi the Ducker (level 7, -1/42 HPs)
             Began as a Kobold Gladiator on Dec 22, 2018.
             Was a Follower of Kikubaaqudgha.
             Slain by a worker ant (7 damage)
             ... on level 5 of the Dungeon.
             The game lasted 00:12:19 (4215 turns).

Ihlosi the Ducker (Kobold Gladiator)                Turns: 4215, Time: 00:12:19

Health: -1/42      AC:  5    Str: 12      XL:     7   Next: 64%
Magic:  8/8        EV: 16    Int:  9      God:    Kikubaaqudgha [*.....]
Gold:   250        SH:  0    Dex: 13 (18) Spells: 1/6 levels left

rFire    . . .     SeeInvis .   a - +0 long sword
rCold    . . .     Gourm    .   (shield restricted)
rNeg     . . .     Faith    .   b - +0 leather armour
rPois    .         Spirit   .   k - +0 helmet
rElec    .         Reflect  .   (no cloak)
rCorr    +         Harm     .   (no gloves)
MR       .....                  g - +0 pair of boots
Stlth    ++........             (no amulet)
HPRegen  0.14/turn              i - ring of flight
MPRegen  0.11/turn              o - ring of resist corrosion

@: lethally poisoned (-1 -> -3)
A: small, carnivore
a: Receive Corpses, Renounce Religion, Evoke Flight


You were on level 5 of the Dungeon.
You worshipped Kikubaaqudgha.
Kikubaaqudgha was aware of your devotion.
You were completely stuffed.

You visited 1 branch of the dungeon, and saw 5 of its levels.

You collected 250 gold pieces.

Inventory:

Hand Weapons
 a - a +0 long sword (weapon)
Missiles
 d - a throwing net (quivered)
Armour
 b - a +0 leather armour (worn)
 c - a +0 buckler
 g - a +0 pair of boots (worn)
 k - a +0 helmet (worn)
Jewellery
 i - a ring of flight (left hand)
 o - a ring of resist corrosion (right hand)
Wands
 e - a wand of random effects (15)
Scrolls
 j - a scroll of remove curse
Potions
 l - 4 potions of flight
 m - a potion of cancellation
Comestibles
 f - 9 rations
 h - a chunk of flesh


   Skills:
 * Level 3.6 Fighting
 + Level 3.8 Long Blades
 - Level 3.0 Throwing
 * Level 2.0 Armour
 * Level 5.1 Dodging
 - Level 3.1 Stealth
 * Level 1.5 Shields
 * Level 2.4 Evocations


You had one spell level left.
You knew the following spells:

 Your Spells              Type           Power        Failure   Level  Hunger
a - Pain                  Necr           #...         45%         1    ##.....
b - Animate Skeleton      Necr           N/A          45%         1    ##.....
c - Regeneration          Chrm/Necr      #.........   83%         3    ####...

Your spell library contained the following spells:

 Spells                   Type           Power        Failure   Level  Hunger
 Sublimation of Blood     Necr           #.........   61%         2    ###....


Dungeon Overview and Level Annotations

Branches:
Dungeon (5/15)
 Temple: D:4-7

Altars:
Ashenzari
Kikubaaqudgha
Makhleb
Ru

Annotations:
D:3 2 transporters, topfpfpflanze's ghost, amateur MfSu
D:4 Eustachio


Innate Abilities, Weirdness & Mutations

You are small and have problems with some larger weapons.
You are carnivorous and can eat meat at any time.


Message History

The bat barely misses you.
You feel sick.
The bat disappears in a puff of smoke!
The bat misses you. The bat barely misses you.
You riposte.
You miss the bat. The bat hits you but does no damage.
The bat closely misses you.
There is a stone staircase leading down here.
You feel sick. The bat closely misses you.
You riposte.
You closely miss the bat. The bat hits you but does no damage.
You climb downwards.
A leopard gecko and a worker ant come into view.
The worker ant twitches its antennae in your direction.
There is a stone staircase leading up here.
Okay, then.
Evoke which item? (* to show all) (? for menu, Esc to quit)
Aiming: Random Effects
Press: ? - help, Shift-Dir - straight line, f - worker ant
Aim: a worker ant The worker ant struggles to resist.
The worker ant bites you!
You die...
Kikubaaqudgha rasps: "You have failed me!
Welcome... death!"

# # #### # ...## ##
#####.... ##..####...
#@....#
..#........l...a.#####
#.............####
....###.##### ###...#
.# # ###.# . # #.## #
#..# # ##.#


You could see a worker ant and a leopard gecko (sleeping).

Vanquished Creatures
  Grinder (D:3)
  A centaur (D:5)
  A scorpion (D:5)
  A quasit (D:5)
  An orc priest (D:4)
  2 worker ants (D:4)
  4 adders
  An ooze (D:2)
  An adder skeleton (D:4)
  A worm (D:3)
  A dart slug (D:2)
  4 leopard geckos
  13 orcs
  4 bats
  11 giant cockroaches
  10 goblins
  7 hobgoblins
  3 frilled lizards
  9 kobolds
  2 leopard gecko skeletons
  A quokka zombie (D:5)
  3 rats
82 creatures vanquished.

Notes
Turn   | Place    | Note
-------+----------+-------------------------------------------
     0 | D:1      | Ihlosi the Kobold Gladiator began the quest for the Orb.
     0 | D:1      | Reached XP level 1. HP: 12/12 MP: 1/1
   398 | D:1      | Reached XP level 2. HP: 17/17 MP: 2/2
   504 | D:1      | Reached skill level 4 in Dodging
   510 | D:1      | Reached skill level 1 in Stealth
   567 | D:1      | Reached XP level 3. HP: 17/22 MP: 3/3
  1499 | D:2      | Reached XP level 4. HP: 18/27 MP: 4/4
  1875 | D:2      | Found a burning altar of Makhleb.
  1875 | D:2      | Noticed an Executioner
  1878 | D:2      | Noticed a ynoxinul
  1878 | D:2      | Noticed a smoke demon
  1904 | D:2      | Found an ancient bone altar of Kikubaaqudgha.
  1908 | D:2      | Became a worshipper of Kikubaaqudgha
  1917 | D:2      | Found a shattered altar of Ashenzari.
  2593 | D:3      | Found a transporter.
  2593 | D:3      | Noticed topfpfpflanze's ghost (amateur MfSu)
  2600 | D:3      | Found a transporter.
  2646 | D:3      | Found a faded altar of an unknown god.
  2660 | D:3      | Reached XP level 5. HP: 31/31 MP: 5/5
  2721 | D:3      | Noticed Grinder
  2735 | D:3      | Paralysed by Grinder for 4 turns
  2775 | D:3      | Paralysed by Grinder for 2 turns
  2795 | D:3      | Killed Grinder
  2795 | D:3      | Reached skill level 1 in Armour
  2795 | D:3      | Reached skill level 1 in Shields
  2795 | D:3      | Reached skill level 1 in Evocations
  2795 | D:3      | Reached XP level 6. HP: 21/37 MP: 5/7
  3127 | D:4      | You fall through a shaft!
  3127 | D:5      | Entered Level 5 of the Dungeon
  3166 | D:5      | HP: 1/37 [centaur (3)]
  3170 | D:5      | Reached XP level 7. HP: 1/41 MP: 8/8
  3566 | D:5      | Reached * piety under Kikubaaqudgha
  3566 | D:5      | Identified Kikubaaqudgha's Disquisition on Dark Magic
                  | (Kikubaaqudgha gifted it to you on level 5 of the Dungeon)
  3566 | D:5      | Received a gift from Kikubaaqudgha
  3590 | D:5      | Learned a level 1 spell: Pain
  3592 | D:5      | Learned a level 1 spell: Animate Skeleton
  3596 | D:5      | Learned a level 3 spell: Regeneration
  3705 | D:5      | Reached skill level 5 in Dodging
  4135 | D:4      | Found a sacrificial altar of Ru.
  4191 | D:4      | Noticed Eustachio
  4215 | D:5      | Slain by a worker ant

Skill      XL: |  1  2  3  4  5  6  7 |
---------------+----------------------+-----
Dodging        | 4 5 |  5.1
Stealth        | 1 2 3 |  3.1
Long Blades    | 3 |  3.8
Fighting       | 3 |  3.6
Throwing       | 3 |  3.0
Armour         | 1 2 |  2.0
Shields        | 1 |  1.5
Evocations     | 1 2 |  2.4

Action                   |  1- 3 |  4- 6 |  7- 9 || total
-------------------------+-------+-------+-------++-------
Melee: Long sword        |   107 |   110 |   101 ||   318
Throw: Throwing net      |       |    11 |     2 ||    13
Evoke: Wand              |       |       |     3 ||     3
  Use: Scroll            |     3 |     7 |       ||    10
       Potion            |       |     7 |       ||     7
 Stab: Sleeping          |     1 |     2 |       ||     3
       Held in net/web   |       |     4 |       ||     4
       Distracted        |       |       |     1 ||     1
  Eat: Chunk             |     9 |     7 |     4 ||    20
Armor: Leather armour    |    21 |    20 |    34 ||    75
Dodge: Dodged            |   103 |    94 |   152 ||   349
       Rpst.: Long sword |    26 |    32 |    37 ||    95
